Map: Ruins of Seras

Players

wabbajack - Winner!

  • Race: Zerg Zerg
  • League: Bronze

Gato

  • Race: Terran Terran
  • League: Grandmaster

VOD

Have the link to the VOD?

Description

Time

  • Played on: Oct. 20, 2015, 11:45 a.m.
  • Length: 20:29
Show
View Real Time Build Order
Export as new Build Order

wabbajack Zerg - Winner!

Build Orders: Hatch First, Muta Ling Bane 

Get SALT Encoding   

  12  0:01  Drone  
  13  0:15  Overlord  
  13  0:18  Drone  
  14  0:23  Extractor  
  14  0:24  Drone  
  15  0:33  Drone  
  16  0:38  Drone  
  17  0:48  Drone  
  18  1:02  Hatchery, Drone  
  18  1:10  Drone, Extractor  
  18  1:21  Spawning Pool  
  17  1:27  Drone  
  18  1:34  Drone  
  19  1:55  Overlord  
  19  2:08  Queen  
  19  2:09  Zergling x2  
  19  2:14  Metabolic Boost  
  22  2:16  Queen  
  22  2:19  Extractor  
  22  2:22  Drone x3  
  26  2:54  Baneling Nest  
  26  2:56  Queen  
  26  2:57  Overlord  
  27  2:59  Zergling x2  
  27  3:01  Zergling x4  
  27  3:02  Zergling x2  
  27  3:04  Zergling x2  
  32  3:08  Pneumatized Carapace  
  32  3:12  Overlord  
  32  3:14  Drone  
  32  3:22  Spine Crawler  
  31  3:37  Zergling x8  
  31  3:38  Zergling x2  
  32  4:06  Evolution Chamber  
  32  4:07  Drone x7  
  38  4:25  Lair  
  38  4:28  Drone x3  
  38  4:29  Drone  
  42  4:40  Baneling  
  42  4:42  Baneling  
  42  4:43  Baneling x2  
  42  4:49  Overlord  
  42  4:52  Drone x2  
  44  4:54  Roach Warren  
  43  5:41  Overlord x3  
  40  5:44  Glial Reconstitution  
  40  5:48  Drone  
  38  5:50  Drone x2  
  38  5:51  Drone  
  38  5:52  Overlord  
  38  5:55  Zerg Missile Weapons Level 1, Drone  
  38  5:56  Drone x3  
  45  6:01  Hatchery  
  44  6:06  Drone  
  45  6:13  Hatchery  
  45  6:15  Extractor  
  45  6:16  Extractor  
  42  6:20  Drone  
  42  6:21  Drone x4  
  42  6:22  Drone x3  
  42  6:25  Queen  
  52  6:30  Queen  
  54  6:53  Hydralisk Den, Roach x3  
  54  6:54  Roach  
  61  6:56  Centrifical Hooks  
  61  7:03  Spore Crawler  
  61  7:07  Spore Crawler, Drone x3  
  62  7:11  Spore Crawler  
  61  7:22  Drone  
  62  7:23  Drone x8  
  70  7:31  Roach  
  70  7:32  Roach x4  
  70  7:36  Roach  
  82  7:37  Roach  
  80  7:48  Muscular Augments  
  80  7:53  Hydralisk, Roach  
  80  7:54  Spire  
  79  8:13  Hydralisk x2, Roach x3  
  79  8:14  Hydralisk  
  89  8:23  Spore Crawler  
  89  8:24  Spore Crawler  
  87  8:29  Roach  
  87  8:31  Overlord x2  
  61  9:00  Roach x9  
  61  9:01  Roach x9  
  95  9:06  Mutalisk  
  97  9:15  Spine Crawler  
  97  9:16  Spore Crawler, Spine Crawler  
  81  9:33  Drone x2  
  81  9:34  Drone x3  
  86  9:43  Zergling x6  
  89  10:06  Drone x8  
  97  10:14  Drone  
  97  10:15  Drone x3  
  101  10:26  Drone  
  101  10:27  Drone  
  104  10:28  Drone  
  104  10:29  Drone  
  104  10:32  Overlord x2  
  105  10:45  Zerg Ground Armor Level 1  
  105  10:46  Evolution Chamber  
  104  10:50  Queen  
  90  11:05  Burrow  
  90  11:06  Lurker Den  
  90  11:07  Drone x3  
  90  11:08  Drone  
  94  11:14  Drone  
  94  11:15  Drone x2, Extractor x2  
  94  11:16  Drone x4  
  94  11:17  Drone  
  94  11:18  Overlord x2  
  100  11:23  Hydralisk x3  
  106  11:30  Infestation Pit  
  105  12:05  Zerg Missile Weapons Level 2  
  105  12:08  Hive  
  105  12:15  Corruptor x2, Zerg Flyer Armor Level 1  
  105  12:16  Corruptor x2  
  105  12:17  Corruptor  
  105  12:18  Corruptor  
  105  12:19  Hydralisk x2  
  105  12:20  Hydralisk, Roach x3  
  105  12:22  Roach  
  131  12:24  Roach  
  133  12:30  Overlord  
  133  12:45  Zerg Melee Weapons Level 1  
  133  12:48  Baneling  
  133  12:49  Baneling x2  
  133  12:50  Zergling x18  
  88  13:26  Mutalisk x4  
  88  13:28  Hydralisk x2  
  88  13:29  Hydralisk x3, Roach x3  
  88  13:30  Roach x2  
  88  13:33  Adrenal Glands  
  110  13:40  Hatchery  
  109  14:05  Queen  
  111  14:19  Extractor x2  
  111  14:20  Overlord x2  
  108  14:30  Viper x2  
  108  14:31  Viper x2  
  120  14:58  Drone x2  
  120  14:59  Drone x6  
  129  15:00  Drone x2, Overlord x3  
  129  15:01  Overlord  
  129  15:05  Ultralisk Cavern  
  129  15:10  Hydralisk x4, Roach  
  129  15:11  Roach x4  
  147  15:25  Lurker  
  147  15:26  Lurker x4  
  152  15:36  Zerg Ground Armor Level 2  
  152  15:41  Zerg Melee Weapons Level 2  
  152  16:03  Overseer x2  
  152  16:10  Chitinous Plating  
  152  16:14  Greater Spire  
  152  16:16  Ultralisk  
  87  17:16  Ultralisk x5  
  87  17:18  Zergling x20  
  87  17:19  Zergling x48  
  155  17:44  Corruptor, Brood Lord x2  
  155  17:45  Corruptor x2  
  151  18:31  Zergling x16  
  151  18:32  Zergling x30  
  102  18:57  Zergling x16  
  80  19:20  Ultralisk  
  80  19:21  Ultralisk x2  
  98  19:28  Hatchery  
  89  20:04  Hatchery  
Show
View Real Time Build Order
Export as new Build Order

Gato Terran 

Build Orders: Hellion Opening, Mech 

Get SALT Encoding   

  12  0:01  SCV  
  13  0:13  SCV  
  14  0:20  Supply Depot  
  14  0:25  SCV  
  15  0:30  Refinery  
  15  0:41  SCV  
  16  0:46  Barracks  
  16  0:55  SCV  
  17  1:07  SCV  
  18  1:19  SCV  
  18  1:23  Supply Depot  
  19  1:35  Orbital Command  
  19  1:42  Factory  
  19  1:55  Barracks Reactor  
  19  2:01  SCV  
  19  2:07  Refinery  
  20  2:13  SCV  
  21  2:25  SCV  
  22  2:33  Command Center  
  21  2:45  Hellion x2  
  21  2:49  SCV, Barracks Tech Lab  
  26  3:01  SCV  
  26  3:04  Supply Depot  
  27  3:07  Hellion x2  
  31  3:19  Supply Depot  
  31  3:25  SCV  
  32  3:28  Hellion x2  
  36  3:40  SCV  
  33  3:52  SCV  
  34  4:02  Hellion  
  34  4:03  Hellion  
  34  4:05  Orbital Command  
  34  4:10  Factory  
  34  4:13  Factory  
  34  4:25  Orbital Command  
  34  4:27  Hellion x2  
  38  4:37  Engineering Bay  
  38  4:40  SCV  
  39  4:48  Starport  
  39  4:49  Hellion x2  
  43  4:53  SCV x2  
  45  5:05  SCV x2  
  47  5:08  Missile Turret  
  47  5:10  Factory Tech Lab, Missile Turret  
  47  5:11  Factory Tech Lab  
  47  5:12  Hellion  
  47  5:13  Liberator  
  49  5:17  SCV x2  
  51  5:30  Armory  
  33  5:55  SCV  
  33  5:56  SCV  
  35  6:04  Hellion  
  35  6:05  Hellion  
  35  6:07  SCV, Siege Tank  
  35  6:08  SCV  
  44  6:18  Siege Tank  
  44  6:19  SCV  
  44  6:20  SCV  
  49  6:47  Hellion x2  
  49  6:48  Siege Tank  
  54  7:46  Unknown  
  54  7:53  SCV x2  
  57  8:05  SCV x2  
  58  8:17  SCV  
  54  8:46  Hellion x2  
  54  8:47  Hellion x6  
  46  9:17  SCV x2  
  46  9:24  Liberator  
  40  9:29  SCV  
  33  9:33  SCV  
  33  9:36  Refinery  
  33  9:37  Refinery  
  34  9:39  Hellion x2, Siege Tank x2  
  34  9:41  SCV  
  34  9:45  SCV  
  49  9:47  Missile Turret  
  49  9:52  Missile Turret  
  49  9:53  SCV  
  49  9:57  SCV  
  51  10:00  Hellion x2, Terran Vehicle Weapons Level 1  
  51  10:04  Armory  
  51  10:05  SCV  
  51  10:06  Liberator  
  56  10:09  SCV  
  57  10:17  SCV  
  57  10:19  Command Center  
  58  10:21  SCV  
  62  10:47  Supply Depot  
  62  10:48  Supply Depot  
  62  10:49  SCV x2, Siege Tank x2, Liberator  
  70  10:50  Supply Depot  
  70  10:52  Hellion x2  
  71  11:01  SCV x2  
  72  11:13  SCV x2  
  74  11:20  Hellion x2  
  74  11:21  Siege Tank x2  
  84  11:25  SCV x2  
  86  11:38  SCV x2, Terran Vehicle And Ship Armor Level 1  
  88  11:40  Infernal Pre-Igniter  
  88  11:41  Hellion  
  88  11:42  Hellion  
  92  11:53  Siege Tank x2  
  98  12:03  Hellion x2  
  102  12:24  Hellion x2  
  102  12:25  Siege Tank x2  
  112  12:31  SCV x2  
  114  12:43  SCV x2  
  116  12:52  Hellion x5  
  116  13:00  Siege Tank  
  116  13:01  Hellion  
  116  13:02  Hellion  
  116  13:03  Siege Tank  
  98  13:25  Liberator  
  82  13:34  Planetary Fortress  
  82  13:36  SCV x2  
  82  13:40  Thor x2  
  96  13:41  Hellion  
  96  13:42  Hellion  
  104  13:48  SCV x2  
  104  13:50  Starport x2  
  105  14:00  SCV x2  
  107  14:12  SCV  
  107  14:13  SCV x2  
  110  14:17  Refinery  
  110  14:20  Refinery  
  110  14:24  SCV  
  110  14:25  SCV x2  
  113  14:36  Hellion x2  
  117  14:39  Starport Reactor x2  
  117  14:50  Thor, SCV  
  124  14:53  Supply Depot x2  
  124  14:55  Supply Depot  
  124  15:06  Liberator  
  124  15:13  Terran Vehicle Weapons Level 2  
  124  15:16  Terran Vehicle And Ship Armor Level 2  
  127  15:28  Liberator  
  127  15:29  Liberator  
  127  15:31  Liberator  
  127  15:35  Command Center  
  127  15:39  Command Center  
  127  15:41  Hellion  
  127  15:42  Hellion  
  133  15:43  Hellion x2  
  144  16:04  Thor  
  144  16:07  Hellion x2  
  144  16:08  Hellion x14  
  156  16:33  Hellion  
  156  16:38  Supply Depot  
  156  16:39  Supply Depot  
  156  16:46  Hellion x2  
  156  16:48  Hellion  
  156  16:53  Liberator  
  156  16:54  Liberator  
  124  17:08  Hellion, Siege Tank  
  126  17:09  Thor, Hellion  
  134  17:20  Liberator  
  134  17:35  Hellion x2  
  138  17:39  Thor  
  147  17:52  Thor  
  141  18:29  Hellion  
  141  18:31  Hellion x2  
  147  18:35  Hellion  
  116  18:50  Hellion, Liberator x2  
  86  19:06  Hellion x3  
  76  19:12  Hellion  
  77  19:27  Hellion  
Tags
 
Add a new tag
Caveats
  • Supply blocks, unpowered buildings, or Contaminate may cause inaccurate times.
  • Supply counts are checked every 10 seconds.